 Dungeon Crawl Stone Soup version 0.23.0-3-gf3c87f2df8 (webtiles) character file.

Game seed: 4059925012035546753

7995 Ivernyr the Thaumaturge (level 11, -6/81 HPs)
             Began as a Gnoll Wizard on Feb 22, 2019.
             Was a Priest of Cheibriados.
             Mangled by a seven-headed hydra (13 damage)
             ... on level 10 of the Dungeon.
             The game lasted 01:06:14 (12707 turns).

Ivernyr the Thaumaturge (Gnoll Wizard)             Turns: 12707, Time: 01:06:15

Health: -6/81      AC:  9    Str: 19    XL:     11   Next: 24%
Magic:  36/42      EV: 18    Int: 31    God:    Cheibriados [***...]
Gold:   312        SH:  0    Dex: 21    Spells: 19/28 levels left

rFire    + . .     SeeInvis .   E - +0 trident
rCold    + . .     Gourm    .   (no shield)
rNeg     . . .     Faith    .   x - +2 robe of Edub {rF+ MP+9}
rPois    .         Spirit   .   D - +0 helmet
rElec    .         Reflect  .   u - +0 cloak
rCorr    .         Harm     .   C - +0 pair of gloves
MR       .....                  w - +0 pair of boots
Stlth    ++++......             (no amulet)
HPRegen  0.23/turn              y - ring of protection from cold
MPRegen  0.28/turn              G - ring of magical power

@: very slow
A: distributed training, fangs 1, strong nose
a: Bend Time, Temporal Distortion, Renounce Religion


You were on level 10 of the Dungeon.
You worshipped Cheibriados.
Cheibriados was most pleased with you.
You were very hungry.

You visited 2 branches of the dungeon, and saw 11 of its levels.

You collected 488 gold pieces.
You spent 176 gold pieces at shops.

Inventory:

Hand Weapons
 E - a +0 trident (weapon)
Missiles
 s - 6 javelins of penetration (quivered)
Armour
 u - a +0 cloak (worn)
 w - a +0 pair of boots (worn)
 x - the +2 robe of Edub (worn) {rF+ MP+9}
   (You bought it in a shop on level 5 of the Dungeon)

   It protects you from fire.
   It affects your magic capacity (+9).
 C - a +0 pair of gloves (worn)
 D - a +0 helmet (worn)
Jewellery
 y - a ring of protection from cold (left hand)
 G - a ring of magical power (right hand)
 M - an uncursed ring of positive energy
Wands
 q - a wand of polymorph (10)
 z - a wand of paralysis (12)
 I - a wand of iceblast (21)
 L - a wand of digging (4)
 N - a wand of enslavement (6)
Scrolls
 a - 2 scrolls of magic mapping {unknown}
 e - 7 scrolls of remove curse
 f - 9 scrolls of identify
 h - 5 scrolls of enchant weapon {unknown}
 k - a scroll of blinking {unknown}
 m - 2 scrolls of immolation {unknown}
 p - 3 scrolls of amnesia {unknown}
 v - a scroll of fog {unknown}
 A - a scroll of enchant armour {unknown}
 F - 2 scrolls of teleportation {unknown}
Potions
 b - a potion of brilliance {unknown}
 c - 4 potions of curing
 g - 2 potions of agility {unknown}
 i - a potion of ambrosia {unknown}
 j - 5 potions of might {unknown}
 l - a potion of cancellation {unknown}
 n - a potion of mutation {unknown}
 o - 2 potions of degeneration {unknown}
 r - 3 potions of resistance {unknown}
 t - 3 potions of heal wounds {unknown}
 B - 2 potions of berserk rage {unknown}
 H - 2 potions of magic {unknown}
 J - a potion of flight {unknown}
 K - 2 potions of lignification {unknown}
Comestibles
 d - 26 rations


   Skills:
 + Level 6.0 Fighting
 + Level 6.0 Short Blades
 + Level 6.0 Long Blades
 + Level 6.0 Axes
 + Level 6.0 Maces & Flails
 + Level 6.0 Polearms
 + Level 6.0 Staves
 + Level 6.0 Slings
 + Level 6.0 Bows
 + Level 6.0 Crossbows
 + Level 6.0 Throwing
 + Level 6.0 Armour
 + Level 7.6 Dodging
 + Level 7.4 Stealth
 + Level 6.0 Shields
 + Level 6.0 Unarmed Combat
 + Level 9.4 Spellcasting
 + Level 5.4 Conjurations
 + Level 4.9 Hexes
 + Level 4.9 Charms
 + Level 5.4 Summonings
 + Level 4.9 Necromancy
 + Level 5.4 Translocations
 + Level 4.9 Transmutations
 + Level 4.9 Fire Magic
 + Level 4.9 Ice Magic
 + Level 4.9 Air Magic
 + Level 4.9 Earth Magic
 + Level 4.9 Poison Magic
 + Level 6.5 Invocations
 + Level 6.0 Evocations


You had 19 spell levels left.
You knew the following spells:

 Your Spells              Type           Power        Failure   Level  Hunger
a - Magic Dart            Conj           ####         1%          1    None
b - Blink                 Tloc           N/A          1%          2    None
c - Conjure Flame         Conj/Fire      #####...     1%          3    None
d - Mephitic Cloud        Conj/Pois/Air  #####...     1%          3    None

Your spell library contained the following spells:

 Spells                   Type           Power        Failure   Level  Hunger
 Beastly Appendage        Tmut           #####.       1%          1    None
 Call Imp                 Summ           #####...     1%          2    None
 Slow                     Hex            #####...     1%          2    None
 Sticks to Snakes         Tmut           #####...     1%          2    None
 Spider Form              Tmut/Pois      #####.....   1%          3    None
 Ice Form                 Ice/Tmut       #####...     4%          4    None
 Blade Hands              Tmut           #####.....   12%         5    ###....


Dungeon Overview and Level Annotations

Branches:
Dungeon (10/15)            Temple (1/1) D:5
   Lair: D:8-11         Orc: D:9-12

Altars:
Ashenzari
Cheibriados
Dithmenos
Elyvilon
Fedhas
Gozag
Hepliaklqana
Kikubaaqudgha
Makhleb
Nemelex Xobeh
Okawaru
Qazlal
Ru
Sif Muna
Trog
Uskayaw
Vehumet
Wu Jian
Xom
Yredelemnul
Zin
The Shining One

Shops:
D:5 ([}![


Innate Abilities, Weirdness & Mutations

Your experience applies equally to all skills.
You have very sharp teeth.
Your uncanny sense of smell can sniff out nearby items.


Message History

The seven-headed hydra is heavily wounded.
The seven-headed hydra is engulfed in blazing flames.
The seven-headed hydra bites you but does no damage.
The seven-headed hydra closely misses you.
The seven-headed hydra bites you but does no damage.
The seven-headed hydra closely misses you.
The seven-headed hydra bites you! The seven-headed hydra bites you.
The seven-headed hydra bites you but does no damage.
You puncture the seven-headed hydra!
The seven-headed hydra is severely wounded.
The seven-headed hydra closely misses you.
The seven-headed hydra bites you!
The seven-headed hydra barely misses you.
The seven-headed hydra bites you!
* * * LOW HITPOINT WARNING * * *
The seven-headed hydra barely misses you.
The seven-headed hydra bites you.
* * * LOW HITPOINT WARNING * * *
The seven-headed hydra bites you!
You die...

### .. ∆ # #.# ∆
###. ##.## ∆ ∆
....##...## ∆
#........##### ##
#.........@D§## ..
#........###☼.##D#
#.#######....#
##....#
#..<.......#.#
######
############.# #.#
#.# #.# #.#


You could see a seven-headed hydra.

Vanquished Creatures
  3 two-headed ogres
  A manticore (D:10)
  Maurice (D:9)
  Grinder (D:5)
  A hippogriff (D:9)
  4 yaks (D:9)
  A wyvern (D:10)
  2 orc warriors
  4 sky beasts
  2 phantoms
  2 black bears (D:7)
  An eye of draining (D:8)
  A hornet zombie (D:9)
  11 ogres
  A necrophage (D:9)
  2 centaurs
  2 big kobolds
  9 bullfrogs
  4 scorpions
  A howler monkey (D:8)
  2 centaur zombies (D:6)
  2 crimson imps
  6 hounds
  3 bullfrog skeletons
  2 orc priests
  5 orc wizards
  2 jellies
  A centaur skeleton (D:4)
  3 iguanas
  9 worker ants
  A hound zombie (D:5)
  A hound skeleton (D:6)
  A worker ant zombie (D:7)
  Robin (D:3)
  10 adders
  4 gnolls (D:7)
  2 oozes
  An adder zombie (D:7)
  3 worms
  2 dart slugs
  5 leopard geckos
  18 orcs
  A ball python (D:4)
  4 bats
  6 giant cockroaches
  20 goblins
  A hobgoblin (D:1)
  9 jackals
  10 kobolds
  5 quokkas
  3 frilled lizards
  A hobgoblin zombie (D:8)
  A rat (D:1)
199 creatures vanquished.

Notes
Turn   | Place    | Note
-------+----------+-------------------------------------------
     0 | D:1      | Ivernyr the Gnoll Wizard began the quest for the Orb.
     0 | D:1      | Reached XP level 1. HP: 13/13 MP: 8/8
   169 | D:1      | Reached XP level 2. HP: 17/19 MP: 2/10
   233 | D:1      | Learned a level 2 spell: Blink
  1218 | D:2      | Reached XP level 3. HP: 25/25 MP: 7/11
  1555 | D:2      | Reached skill level 1 in Invocations
  1642 | D:2      | Reached skill level 1 in Fighting
  1642 | D:2      | Reached skill level 1 in Short Blades
  1642 | D:2      | Reached skill level 1 in Long Blades
  1642 | D:2      | Reached skill level 1 in Axes
  1642 | D:2      | Reached skill level 1 in Maces & Flails
  1642 | D:2      | Reached skill level 1 in Polearms
  1642 | D:2      | Reached skill level 1 in Staves
  1642 | D:2      | Reached skill level 1 in Slings
  1642 | D:2      | Reached skill level 1 in Bows
  1642 | D:2      | Reached skill level 1 in Crossbows
  1642 | D:2      | Reached skill level 1 in Throwing
  1642 | D:2      | Reached skill level 1 in Armour
  1642 | D:2      | Reached skill level 1 in Shields
  1642 | D:2      | Reached skill level 1 in Unarmed Combat
  1642 | D:2      | Reached skill level 1 in Evocations
  1831 | D:2      | Noticed a bullfrog
  1832 | D:2      | Reached XP level 4. HP: 32/32 MP: 10/13
  1839 | D:2      | Killed a bullfrog
  1839 | D:2      | Reached skill level 1 in Hexes
  1839 | D:2      | Reached skill level 1 in Charms
  1839 | D:2      | Reached skill level 1 in Necromancy
  1839 | D:2      | Reached skill level 1 in Transmutations
  1839 | D:2      | Reached skill level 1 in Fire Magic
  1839 | D:2      | Reached skill level 1 in Ice Magic
  1839 | D:2      | Reached skill level 1 in Air Magic
  1839 | D:2      | Reached skill level 1 in Earth Magic
  1839 | D:2      | Reached skill level 1 in Poison Magic
  1839 | D:2      | Reached XP level 5. HP: 37/37 MP: 6/14
  2285 | D:2      | Found a bloodstained altar of Trog.
  2644 | D:3      | Noticed Robin
  2766 | D:3      | Killed Robin
  3181 | D:4      | Learned a level 3 spell: Conjure Flame
  3185 | D:4      | Learned a level 3 spell: Mephitic Cloud
  3197 | D:4      | Reached XP level 6. HP: 23/44 MP: 8/16
  3357 | D:4      | Reached skill level 5 in Dodging
  3407 | D:3      | HP: 1/44 [poisoned by a worker ant]
  3784 | D:4      | Reached XP level 7. HP: 22/50 MP: 0/18
  4719 | D:4      | Reached skill level 5 in Stealth
  5302 | D:5      | Entered Level 5 of the Dungeon
  5388 | D:5      | Found Jamebeiz's Antique Armour Emporium.
  5396 | D:5      | Bought a dull robe for 176 gold pieces
  5406 | D:5      | Identified the +2 robe of Edub {rF+ MP+9} (You bought it in
                  | a shop on level 5 of the Dungeon)
  5557 | D:5      | Reached XP level 8. HP: 56/57 MP: 13/19
  5634 | D:5      | Found Xaco's Distillery.
  5665 | D:5      | Found a staircase to the Ecumenical Temple.
  5672 | Temple   | Entered the Ecumenical Temple
  5760 | Temple   | Became a worshipper of Cheibriados the Contemplative
  5977 | D:5      | Found Dadimoil's Weapon Shop.
  6248 | D:5      | Noticed Grinder
  6353 | D:5      | Found Japsatt's Armour Shoppe.
  6384 | D:5      | Found an opulent altar of Gozag.
  6418 | D:5      | Paralysed by Grinder for 5 turns
  6425 | D:5      | Killed Grinder
  6573 | D:5      | Reached skill level 8 in Spellcasting
  6593 | D:5      | Found Hes Qaipn's Gadget Emporium.
  7235 | D:6      | Reached * piety under Cheibriados
  7241 | D:6      | Reached XP level 9. HP: 54/65 MP: 16/21
  8138 | D:6      | Reached ** piety under Cheibriados
  8908 | D:7      | Got a faintly glowing ring mail
  8919 | D:7      | Identified the cursed +0 ring mail of Woegras {+Fly rElec}
                  | (You found it on level 7 of the Dungeon)
  9091 | D:7      | Reached skill level 5 in Invocations
  9428 | D:7      | Found a bloodstained altar of Trog.
  9791 | D:7      | Reached XP level 10. HP: 73/73 MP: 22/22
 10017 | D:8      | Noticed a two-headed ogre
 10024 | D:8      | Noticed a two-headed ogre
 10292 | D:8      | Reached *** piety under Cheibriados
 10430 | D:8      | Killed a two-headed ogre
 10430 | D:8      | Reached skill level 5 in Fighting
 10430 | D:8      | Reached skill level 5 in Short Blades
 10430 | D:8      | Reached skill level 5 in Long Blades
 10430 | D:8      | Reached skill level 5 in Axes
 10430 | D:8      | Reached skill level 5 in Maces & Flails
 10430 | D:8      | Reached skill level 5 in Polearms
 10430 | D:8      | Reached skill level 5 in Staves
 10430 | D:8      | Reached skill level 5 in Slings
 10430 | D:8      | Reached skill level 5 in Bows
 10430 | D:8      | Reached skill level 5 in Crossbows
 10430 | D:8      | Reached skill level 5 in Throwing
 10430 | D:8      | Reached skill level 5 in Armour
 10430 | D:8      | Reached skill level 5 in Shields
 10430 | D:8      | Reached skill level 5 in Unarmed Combat
 10430 | D:8      | Reached skill level 5 in Evocations
 10501 | D:8      | Killed a two-headed ogre
 10501 | D:8      | Reached skill level 9 in Spellcasting
 10645 | D:8      | Reached skill level 5 in Conjurations
 10645 | D:8      | Reached skill level 5 in Summonings
 10645 | D:8      | Reached skill level 5 in Translocations
 11720 | D:9      | Reached **** piety under Cheibriados
 11887 | D:9      | Found a shattered altar of Ashenzari.
 11889 | D:9      | Noticed Maurice
 11929 | D:9      | Killed Maurice
 11929 | D:9      | Reached XP level 11. HP: 81/81 MP: 24/24
 12257 | D:9      | Noticed a two-headed ogre
 12266 | D:9      | Killed a two-headed ogre
 12546 | D:10     | Entered Level 10 of the Dungeon
 12680 | D:10     | Noticed a manticore
 12680 | D:10     | Noticed a seven-headed hydra
 12688 | D:10     | Killed a manticore
 12707 | D:10     | Mangled by a seven-headed hydra

Skill      XL: |  1  2  3  4  5  6  7  8  9 10 11 |
---------------+----------------------------------+-----
Conjurations   | 2 3 4 5 |  5.4
Summonings     | 2 3 4 5 |  5.4
Translocations | 2 3 4 5 |  5.4
Invocations    | 1 2 3 4 5 6 |  6.5
Fighting       | 1 2 3 4 5 6 |  6.0
Short Blades   | 1 2 3 4 5 6 |  6.0
Long Blades    | 1 2 3 4 5 6 |  6.0
Axes           | 1 2 3 4 5 6 |  6.0
Maces & Flails | 1 2 3 4 5 6 |  6.0
Polearms       | 1 2 3 4 5 6 |  6.0
Staves         | 1 2 3 4 5 6 |  6.0
Slings         | 1 2 3 4 5 6 |  6.0
Bows           | 1 2 3 4 5 6 |  6.0
Crossbows      | 1 2 3 4 5 6 |  6.0
Throwing       | 1 2 3 4 5 6 |  6.0
Armour         | 1 2 3 4 5 6 |  6.0
Shields        | 1 2 3 4 5 6 |  6.0
Unarmed Combat | 1 2 3 4 5 6 |  6.0
Evocations     | 1 2 3 4 5 6 |  6.0
Hexes          | 1 2 3 4 |  4.9
Charms         | 1 2 3 4 |  4.9
Necromancy     | 1 2 3 4 |  4.9
Transmutations | 1 2 3 4 |  4.9
Fire Magic     | 1 2 3 4 |  4.9
Ice Magic      | 1 2 3 4 |  4.9
Air Magic      | 1 2 3 4 |  4.9
Earth Magic    | 1 2 3 4 |  4.9
Poison Magic   | 1 2 3 4 |  4.9
Dodging        | 5 6 7 |  7.6
Stealth        | 5 6 7 |  7.4
Spellcasting   | 8 9 |  9.4

Action                   |  1- 3 |  4- 6 |  7- 9 | 10-12 || total
-------------------------+-------+-------+-------+-------++-------
Melee: Unarmed           |     1 |     2 |     9 |       ||    12
       Trident           |       |       |    42 |   166 ||   208
       Whip              |       |       |    25 |       ||    25
       Bite              |       |       |     9 |    23 ||    32
       Flail             |       |       |     7 |       ||     7
       Punch             |       |       |       |     7 ||     7
Throw: Javelin           |       |     6 |    10 |     1 ||    17
 Cast: Magic Dart        |    68 |   137 |   411 |   132 ||   748
       Mephitic Cloud    |       |     1 |     6 |    14 ||    21
       Conjure Flame     |       |     1 |    18 |    13 ||    32
       Blink             |       |       |     1 |     3 ||     4
Invok: Slouch            |       |       |       |     1 ||     1
  Use: Potion            |       |     1 |       |       ||     1
       Scroll            |       |       |     2 |       ||     2
 Stab: Sleeping          |     1 |       |       |       ||     1
       Confused          |       |       |     3 |    12 ||    15
  Eat: Chunk             |     2 |     6 |    14 |     4 ||    26
Armor: Robe              |     2 |     5 |    44 |    17 ||    68
       Leather armour    |       |       |     3 |       ||     3
Dodge: Dodged            |    13 |    41 |   145 |   137 ||   336
